 Dungeon Crawl Stone Soup version 0.28-a0-239-g68911e0c57 (webtiles) character file.

Game seed: 13298692387095393586

212 zdrol the Shield-Bearer (level 5, -3/47 HPs)
             Began as a Minotaur Fighter on Aug 23, 2021.
             Killed by nerve-wracking pain
             ... invoked by Grinder
              (12 damage)
             ... on level 3 of the Dungeon.
             The game lasted 00:05:04 (1982 turns).

zdrol the Shield-Bearer (Minotaur Fighter)          Turns: 1982, Time: 00:05:05

Health: -3/47      AC:  9    Str: 20    XL:     5   Next: 58%
Magic:  4/4        EV:  8    Int:  5    God:
Gold:   122        SH:  9    Dex: 11    Spells: 4/4 levels left

rFire   . . .      SeeInvis .   a - +0 long sword
rCold   . . .      Faith    .   c - +0 kite shield
rNeg    . . .      Spirit   .   b - +0 scale mail
rPois   .          Reflect  .   (helmet restricted)
rElec   .          Harm     .   j - +0 cloak
rCorr   .          Rampage  .   (no gloves)
Will    .....                   f - +0 pair of boots
Stlth   ..........              (no amulet)
HPRegen 0.15/turn               (no ring)
MPRegen 0.09/turn               (no ring)

@: no status effects
A: horns 2, retaliatory headbutt
a: no special abilities


You were on level 3 of the Dungeon.
You visited 1 branch of the dungeon, and saw 3 of its levels.

You collected 122 gold pieces.

Inventory:

Hand Weapons
 a - a +0 long sword (weapon)
 h - a +1 dagger of draining
Missiles
 m - 3 boomerangs (quivered)
Armour
 b - a +0 scale mail (worn)
 c - a +0 kite shield (worn)
 f - a +0 pair of boots (worn)
 j - a +0 cloak (worn)
Wands
 n - a wand of polymorph (11)
Scrolls
 i - a scroll of holy word {unknown}
 k - 4 scrolls of identify {unknown}
Potions
 d - a potion of might
 e - a potion of haste {unknown}
 g - a potion of curing {unknown}
 l - a potion of degeneration {unknown}


   Skills:
 + Level 4.5 Fighting
 + Level 3.6 Long Blades
 + Level 5.1 Armour
 + Level 0.7 Dodging
 + Level 0.1 Stealth
 + Level 5.2 Shields


You had 4 spell levels left.
You didn't know any spells.
Your spell library contained the following spells:

 Spells                   Type           Power      Damage    Failure   Level
 Beastly Appendage        Tmut           0%         N/A       99%         1
 Wereblood                Tmut           0%         N/A       100%        2
 Spider Form              Tmut/Pois      0%         N/A       100%        3


Dungeon Overview and Level Annotations

Branches:
Dungeon (3/15)

Altars:
Xom

Annotations:
D:3 Grinder


Innate Abilities, Weirdness & Mutations

You have a pair of horns on your head.
You reflexively headbutt those who attack you in melee.


Message History

Found 17 gold pieces.
You now have 122 gold pieces (gained 17).
An adder comes into view.
The adder hisses angrily.
You barely miss the adder. The adder closely misses you.
You block the adder's attack.
You closely miss the adder. You block the adder's attack.
The adder bites you but does no damage.
Your shield prevents you from hitting the adder.
The adder bites you but does no damage. The adder closely misses you.
You riposte.
You closely miss the adder. You closely miss the adder.
You block the adder's attack. The adder closely misses you.
You barely miss the adder. The adder barely misses you.
You riposte.
You closely miss the adder. You block the adder's attack.
You barely miss the adder. You headbutt the adder!
The adder is severely wounded.
You block the adder's attack. The adder bites you.
You hit the adder.
You kill the adder!
Grinder comes into view.
Grinder shouts!
Grinder hits you!
You writhe in agony.
You hit Grinder but do no damage. Grinder hits you!
You writhe in agony.
You hit Grinder but do no damage. Your headbutt misses Grinder.
Grinder barely misses you. You furiously retaliate!
You headbutt Grinder, but do no damage. Grinder gestures at you.
You suddenly lose the ability to move!
Grinder gestures at you.
You barely resist.
You can move again.
You barely miss Grinder. You headbutt Grinder, but do no damage.
Grinder gestures at you. Pain shoots through your body!
* * * LOW HITPOINT WARNING * * *
You hit Grinder but do no damage. Your headbutt misses Grinder.
Grinder gestures at you. Pain shoots through your body!
You die...

#..# #..#
#..######
#........
#.#######
#.# #.#
#.# #@#
#5.....#
#......#
#......#
#.###+##
#.# #.#
#.#


You could see Grinder.

Vanquished Creatures
  Sigmund (D:3)
  3 adders
  A worm (D:3)
  8 bats
  2 endoplasms
  2 goblins
  3 hobgoblins
  5 ball pythons
  2 frilled lizards
  3 kobolds
  3 rats
33 creatures vanquished.

Notes
Turn   | Place    | Note
-------+----------+-------------------------------------------
     0 | D:1      | zdrol the Minotaur Fighter began the quest for the Orb.
     0 | D:1      | Reached XP level 1. HP: 19/19 MP: 0/0
   325 | D:1      | Found a faded altar of an unknown god.
   427 | D:1      | Reached XP level 2. HP: 27/27 MP: 1/1
  1079 | D:2      | Reached XP level 3. HP: 33/33 MP: 2/2
  1089 | D:2      | Found a shimmering altar of Xom.
  1645 | D:3      | Noticed Sigmund
  1657 | D:3      | Killed Sigmund
  1658 | D:3      | Reached skill level 5 in Armour
  1658 | D:3      | Reached skill level 5 in Shields
  1658 | D:3      | Reached XP level 4. HP: 19/41 MP: 3/3
  1658 | D:3      | Reached XP level 5. HP: 22/47 MP: 4/4
  1974 | D:3      | Noticed Grinder
  1979 | D:3      | Paralysed by Grinder for 2 turns
  1982 | D:3      | Killed from afar by Grinder

Illustrated notes

Levels and vault maps discovered:
D:1:      shiori_arrival_maze, layout_loops_ring, basic_ecumenical_altar
D:2:      layout_basic, basic_altar
D:3:      layout_basic, minmay_quantized, uniq_robin, uniq_grinder, uniq_sigmund

Skill      XL: |  1  2  3 |
---------------+----------+-----
Fighting       | 4 |  4.5
Armour         | 4 5 |  5.1
Shields        | 5 |  5.2
Long Blades    | 3 |  3.6
Dodging        | |  0.7
Stealth        | |  0.1

Action                   |  1- 3 |  4- 6 || total
-------------------------+-------+-------++-------
Melee: Long sword        |    66 |    18 ||    84
       Headbutt          |    13 |     3 ||    16
Armor: Scale mail        |    42 |     3 ||    45
Dodge: Dodged            |    24 |     6 ||    30
Block: Kite shield       |    33 |     9 ||    42
       Rpst.: Long sword |     7 |     2 ||     9

Table legend: (Time is in decaauts)
 A = Elapsed time spent in this place.
 B = Non-inter-level travel time spent in this place.
 C = Inter-level travel time spent in this place.
 D = Time resting spent in this place.
 E = Time spent auto-exploring this place.
 F = Levels seen in this place.
 G = Mean time per level.
                   A        B        C        D        E       F      G
               +--------+--------+--------+--------+--------+-----+--------+
         Total |   2022 |   2022 |      0 |    276 |   1006 |   3 |  674.0 |
       Dungeon |   2022 |   2022 |      0 |    276 |   1006 |   3 |  674.0 |
               +--------+--------+--------+--------+--------+-----+--------+

Top non-repeatable levels by time:
     D:1: 902 daAuts
     D:2: 766 daAuts
     D:3: 353 daAuts
